 Dungeon Crawl Stone Soup version 0.28-a0-1182-g381e24db82 (webtiles) character file.

Game seed: 7932158096243913695

369 browni3141 the Slasher (level 7, 0/78 HPs)
             Began as a Formicid Fighter on Dec 17, 2021.
             Was an Initiate of Okawaru.
             Succumbed to a scorpion's poison
             ... on level 5 of the Dungeon.
             The game lasted 00:13:06 (7163 turns).

browni3141 the Slasher (Formicid Fighter)           Turns: 7163, Time: 00:13:06

Health: 0/78       AC: 23    Str: 23    XL:     7   Next: 1%
Magic:  7/7        EV:  2    Int:  7    God:    Okawaru [......]
Gold:   144        SH:  4    Dex: 10    Spells: 6/6 levels left

rFire   . . .      SeeInvis .   a - +0 long sword
rCold   . . .      Faith    .   c - +0 buckler
rNeg    + . .      Spirit   .   (armour currently unavailable)
rPois   +          Reflect  .   (helmet unavailable)
rElec   .          Harm     .   (cloak currently unavailable)
rCorr   .          Rampage  .   (gloves currently unavailable)
Will    .....                   (boots currently unavailable)
Stlth   +.........              (no amulet)
HPRegen 0.23/turn               s - ring of positive energy
MPRegen 0.10/turn               (no ring)

@: lethally poisoned (0 -> -8), tree-form
A: stationary, stasis, torment immunity, boosted hp, permanent stasis, dig
shafts and tunnels, (antennae 3), four strong arms
a: Renounce Religion


You were on level 5 of the Dungeon.
You worshipped Okawaru.
Okawaru was noncommittal.
You were a tree.
You visited 2 branches of the dungeon, and saw 6 of its levels.

You collected 144 gold pieces.

Inventory:

Hand Weapons
 a - a +0 long sword (weapon)
 l - a +0 flail of holy wrath
Armour
 b - a +0 scale mail
 c - a +0 buckler (worn)
 p - a +0 chain mail (melded)
Jewellery
 s - a ring of positive energy (left branch)
Scrolls
 f - a scroll of fear {unknown}
 g - a scroll of acquirement {unknown}
 j - a scroll of magic mapping {unknown}
 k - a scroll of identify {unknown}
 n - 2 scrolls of holy word {unknown}
 o - a scroll of vulnerability {unknown}
 r - a scroll of enchant armour {unknown}
Potions
 d - a potion of might
 i - a potion of lignification
 m - a potion of magic {unknown}
 q - a potion of curing {unknown}


   Skills:
 - Level 3.5 Fighting
 * Level 6.6 Long Blades
 - Level 3.4 Armour
 - Level 3.8 Shields


You had 6 spell levels left.
You didn't know any spells.
Your spell library contained the following spells:

 Spells                   Type           Power      Damage    Failure   Level
 Apportation              Tloc           0%         N/A       43%         1
 Blade Hands              Tmut           0%         N/A       100%        5
 Iron Shot                Conj/Erth      0%         9d1       100%        6
 Borgnjor's Revivificati  Necr           0%         N/A       100%        8
 Necromutation            Tmut/Necr      0%         N/A       100%        8
 Death's Door             Necr           0%         N/A       100%        9
 Animate Skeleton         Necr           Unusable   N/A       N/A         1
 Summon Small Mammal      Summ           Unusable   N/A       N/A         1
 Animate Armour           Summ/Erth      Unusable   N/A       N/A         4

Dungeon Overview and Level Annotations

Branches:
Dungeon (5/15)             Temple (1/1) D:4

Altars:
Ashenzari
Dithmenos
Elyvilon
Fedhas
Gozag
Hepliaklqana
Kikubaaqudgha
Makhleb
Okawaru
Qazlal
Ru
Sif Muna
Trog
Uskayaw
Vehumet
Xom
Yredelemnul
Zin
The Shining One

Shops:
D:2 (   D:4 (

Annotations:
D:3 1 runed translucent door, Crazy Yiuf


Innate Abilities, Weirdness & Mutations

You are a tree.
Your roots penetrate the ground, keeping you stationary.
You cannot be teleported.
You are immune to unholy pain and torment.
Your maximum health is greatly increased.
Your equipment is partially melded.
You cannot be hasted, slowed, berserked, paralysed or teleported.
You can dig through walls and to a lower floor.
((You have a pair of large antennae on your head. (SInv)))
Your four strong arms can wield two-handed weapons with a shield.


Message History

The orc wizard gestures wildly while chanting.
The orc wizard flickers and vanishes for a moment.
You have reached level 7!
You slash the scorpion!
The scorpion is heavily wounded.
The scorpion stings you!
You are poisoned.
The scorpion poisons you! The scorpion stings you.
Unknown command.
You closely miss the scorpion.
The scorpion is heavily wounded.
You feel very sick. The scorpion stings you.
* * * LOW HITPOINT WARNING * * *
You are lethally poisoned!
The scorpion poisons you!
Your chain mail prevents you from hitting the scorpion.
The scorpion is heavily wounded.
* * * LOW HITPOINT WARNING * * *
You feel very sick. The scorpion stings you.
* * * LOW HITPOINT WARNING * * *
Unknown command.
It was a potion of attraction.
You feel attractive to monsters.
* * * LOW HITPOINT WARNING * * *
You feel very sick.
The scorpion stings you but does no damage.
Unknown command.
It was a potion of cancellation.
Your magical effects are unravelling.
You feel magically purged.
* * * LOW HITPOINT WARNING * * *
You feel sick.
The scorpion stings you but does no damage.
You block the scorpion's attack.
You feel less attractive to monsters.
It was a potion of lignification.
You turn into a tree.
Your +0 chain mail melds into your body.
Your roots penetrate the ground.
You die...

{ #####.. ###.......
#####...###.#
#####....♣###...#
#.....####s...##
#.#######oo....##
########.######...{....####
.........................?.
#####...#####.s........#
##.### #...........#
####..# #........)....#
##..<.## #.##......(...#


You could see a scorpion and an orc.

Vanquished Creatures
  A gnoll shaman (D:4)
  Jessica (D:2)
  2 iguanas (D:5)
  Robin (Temple)
  2 adders
  10 gnolls
  An ufetubus (D:5)
  A worm (D:4)
  2 dart slugs
  12 orcs
  10 ball pythons
  9 bats
  7 endoplasms
  6 giant cockroaches
  15 goblins
  10 hobgoblins
  10 jackals
  2 quokkas
  4 kobolds
  5 rats
111 creatures vanquished.

Vanquished Creatures (others)
  A plant (D:1)
1 creature vanquished.

Grand Total: 112 creatures vanquished

Notes
Turn   | Place    | Note
-------+----------+-------------------------------------------
     0 | D:1      | browni3141 the Formicid Fighter began the quest for the
                  | Orb.
     0 | D:1      | Reached XP level 1. HP: 18/18 MP: 1/1
   263 | D:1      | Reached XP level 2. HP: 24/24 MP: 2/2
   444 | D:1      | Reached XP level 3. HP: 16/29 MP: 3/3
  1098 | D:1      | Reached skill level 3 in Long Blades
  1371 | D:2      | Found a faded altar of an unknown god.
  1437 | D:2      | Noticed Jessica
  1445 | D:2      | Killed Jessica
  1446 | D:2      | Reached XP level 4. HP: 28/35 MP: 4/4
  1675 | D:2      | Found Isuefat's Antique Weapon Shoppe.
  1965 | D:2      | Reached skill level 4 in Long Blades
  2710 | D:3      | Reached XP level 5. HP: 31/41 MP: 5/5
  2813 | D:3      | Found a runed translucent door.
  2814 | D:3      | Noticed Crazy Yiuf
  3092 | D:4      | Found a sacrificial altar of Ru.
  3113 | D:4      | Noticed an ogre
  3702 | D:4      | Found a staircase to the Ecumenical Temple.
  3702 | D:4      | Noticed Robin
  3709 | Temple   | Entered the Ecumenical Temple
  3715 | Temple   | Killed Robin
  3716 | Temple   | Reached skill level 5 in Long Blades
  4039 | Temple   | Became a worshipper of Warmaster Okawaru
  5336 | D:3      | Reached XP level 6. HP: 37/47 MP: 6/6
  5952 | D:4      | Reached skill level 6 in Long Blades
  6106 | D:4      | Found Weher's Antique Weapon Boutique.
  6169 | D:4      | Noticed an ogre
  6859 | D:5      | Entered Level 5 of the Dungeon
  7158 | D:5      | Reached XP level 7. HP: 28/52 MP: 7/7
  7162 | D:5      | HP: 1/52 [poisoned by a scorpion]
  7163 | D:5      | Succumbed to a scorpion's poison

Illustrated notes

Levels and vault maps discovered:
D:1:      tarquinn_simple_flora_water_a, layout_basic, serial_co_window_serial,
          co_window_paths_a, co_window_paths_a, co_window_paths_a,
          co_window_corner_a, co_window_corner_a, co_window_unsneaky_path_a,
          co_window_broadway_a, co_window_corner_b, co_window_of_opportunity_b,
          co_window_broadway_b, co_window_of_opportunity_c, co_window_4corner_b,
          co_window_paths_d, glass_columns_b, glass_columns_b, glass_columns_c,
          minmay_misc_feat_more_columns
D:2:      layout_basic, serial_shops, shop, shapermc_ecumenical_altar_acropolis,
          uniq_jessica
D:3:      layout_basic, uniq_crazy_yiuf_cottage
D:4:      layout_gridville, mainiacjoe_overflow_boulevard,
          minmay_temple_entry_drinking_statues, serial_shops,
          nicolae_shop_advertising_works [nicolae_subvault_shop_adworks],
          palyth_stone_intersect, uniq_robin
D:5:      layout_rooms
Temple:   dpeg_five_rooms_temple

Skill      XL: |  1  2  3  4  5  6 |
---------------+-------------------+-----
Long Blades    | 3 4 5 6 |  6.6
Fighting       | |  3.5
Armour         | |  3.4
Shields        | |  3.8

Action                   |  1- 3 |  4- 6 |  7- 9 || total
-------------------------+-------+-------+-------++-------
Melee: Long sword        |    92 |   282 |     3 ||   377
 Abil: Dig               |     2 |     1 |       ||     3
  Use: Potion            |       |       |     3 ||     3
Armor: Scale mail        |    45 |   107 |       ||   152
       Chain mail        |       |    27 |     2 ||    29
Dodge: Dodged            |    46 |   132 |       ||   178
Block: Buckler           |    22 |    74 |     1 ||    97

Table legend: (Time is in decaauts)
 A = Elapsed time spent in this place.
 B = Non-inter-level travel time spent in this place.
 C = Inter-level travel time spent in this place.
 D = Time resting spent in this place.
 E = Time spent auto-exploring this place.
 F = Levels seen in this place.
 G = Mean time per level.
                   A        B        C        D        E       F      G
               +--------+--------+--------+--------+--------+-----+--------+
         Total |   7251 |   6378 |    873 |   1087 |   3461 |   6 | 1208.5 |
       Dungeon |   6578 |   5780 |    798 |   1087 |   3077 |   5 | 1315.6 |
        Temple |    672 |    597 |     75 |      0 |    384 |   1 |  672.0 |
               +--------+--------+--------+--------+--------+-----+--------+

Top non-repeatable levels by time:
     D:3: 2362 daAuts
     D:1: 1405 daAuts
     D:2: 1381 daAuts
     D:4: 1275 daAuts
  Temple: 672 daAuts
     D:5: 154 daAuts
